 Dungeon Crawl Stone Soup version 0.32-a0-818-gb728d0252e (webtiles) character file.

Game seed: 18110033989601430046

11932 inmateoo the Skirmisher (level 11, -1/84 HPs)
             Began as a Coglin Hunter on Mar 25, 2024.
             Was a High Priest of Okawaru.
             Slain by a red ugly thing (22 damage)
             ... on level 11 of the Dungeon.
             The game lasted 00:15:46 (12947 turns).

inmateoo the Skirmisher (Coglin Hunter)            Turns: 12947, Time: 00:15:47

Health: -1/84      AC: 29    Str: 13    XL:     11   Next: 85%
Magic:  14/14      EV:  9    Int:  8    God:    Okawaru [*****.]
Gold:   729        SH:  0    Dex: 21    Spells: 10/10 levels left

rFire   . . .        a - +3 sling {Mishil}
rCold   . . .        d - +0 sling {Eunwoo}
rNeg    . . .        i - +18 Lear's hauberk
rPois   .            (helmet currently unavailable)
rElec   .            E - +0 cloak {rCorr}
rCorr   +            (gloves currently unavailable)
SInv    .            (boots currently unavailable)
Will    .....        (amulet unavailable)
Stlth   +            (ring unavailable)
HPRegen 0.34/turn    (ring unavailable)
MPRegen 0.14/turn    (no gizmo)

%: no passive effects
@: revved
A: off-hand wielding, slow wielding, warmup strikes, no jewellery
a: Invent Gizmo, Renounce Religion, Heroism, Finesse, Duel


You were on level 11 of the Dungeon.
You worshipped Okawaru.
Okawaru was extremely pleased with you.
You visited 1 branch of the dungeon, and saw 12 of its levels.
You also visited: Ossuary.

You collected 789 gold pieces.
You spent 60 gold pieces at shops.

Inventory:

Hand Weapons
 a - a +3 sling (weapon) {Mishil}
 d - a +0 sling (offhand) {Eunwoo}
Missiles
 B - a throwing net
Armour
 h - a +2 hat
 i - the +18 Lear's hauberk (worn)
   (You found it on level 6 of the Dungeon)
 j - the +0 leather armour of Hubris {rF+ SInv}
   (You found it on level 3 of the Dungeon)

   rF+:       It protects you from fire.
   SInv:      It lets you see invisible.
 E - a +0 cloak of preservation (worn)
Wands
 p - a wand of flame (25)
 q - a wand of iceblast (8)
 s - a wand of digging (4)
Scrolls
 b - 2 scrolls of butterflies
 f - a scroll of poison
 g - 4 scrolls of teleportation
 k - 4 scrolls of enchant armour
 o - a scroll of enchant weapon
Potions
 c - 2 potions of magic
 e - 6 potions of enlightenment
 l - 5 potions of might
 m - 3 potions of curing
 n - 2 potions of invisibility
 r - a potion of berserk rage
 u - a potion of brilliance
 v - a potion of cancellation
 w - 3 potions of mutation
 x - 3 potions of attraction {unknown}
 z - 2 potions of haste {unknown}
 A - a potion of ambrosia
Miscellaneous
 y - a tin of tremorstones (inert)


   Skills:
 + Level 7.6 Fighting
 * Level 10.0 Ranged Weapons
 + Level 6.5 Armour
 + Level 6.7 Dodging
 + Level 6.5 Stealth
 + Level 5.0 Invocations


You had 10 spell levels left.
You didn't know any spells.
Your spell library contained the following spells:

 Spells                   Type           Power      Damage    Failure   Level
 Slow                     Hex            0%         N/A       100%        1
 Sting                    Conj/Alch      0%         1d3       100%        1
 Mercury Vapours          Alch/Air       0%         N/A       100%        2
 Confusing Touch          Hex            0%         N/A       100%        3
 Frozen Ramparts          Ice            0%         1d1       100%        3
 Inner Flame              Hex/Fire       0%         N/A       100%        3
 Ozocubu's Armour         Ice            0%         N/A       100%        3
 Sigil of Binding         Hex            0%         N/A       100%        3
 Vampiric Draining        Necr           0%         2d6       100%        3
 Anguish                  Hex/Necr       0%         N/A       100%        4
 Cause Fear               Hex            0%         N/A       100%        4
 Flame Wave               Conj/Fire      0%         2d4       100%        4
 Olgreb's Toxic Radiance  Alch           0%         N/A       100%        4
 Sticky Flame             Fire/Alch      0%         2d4       100%        4
 Metabolic Englaciation   Hex/Ice        0%         N/A       100%        5
 Enfeeble                 Hex            0%         N/A       100%        7
 Death Channel            Necr           Unusable   N/A       N/A         6
 Sculpt Simulacrum        Ice/Alch       Unusable   N/A       N/A         6

Dungeon Overview and Level Annotations

Branches:
Dungeon (12/15)            Temple (0/1) D:5            Lair (0/5) D:9
Ossuary (visited)
    Orc: D:9-12

Altars:
Fedhas
Hepliaklqana
Kikubaaqudgha
Okawaru
Qazlal
Vehumet
Wu Jian
Zin

Shops:
D:3 [   D:4 :?((   D:5 (**

Annotations:
D:8 2 transporters, mopl's ghost, journeyman OpAl
D:9 1 runed translucent door, DEFE's ghost, novice CoFi


Innate Abilities, Weirdness & Mutations

You can wield a second weapon in your off-hand.
It takes a long time for you to wield or remove held weapons.
Your first few attacks do less damage.
You cannot equip rings or amulets.


Message History

Aim: a red ugly thing (heavily wounded, 71% to hit)
You shoot a sling bullet.
The sling bullet hits the red ugly thing.
The red ugly thing is heavily wounded.
You shoot a sling bullet.
The sling bullet hits the red ugly thing.
The red ugly thing is heavily wounded.
The red ugly thing tail-slaps you but does no damage. x2
Fire: a) +3 sling {Mishil}
Press: ? - help, Q - select action, (/) - cycle Shift-Dir - straight line, f/p - red ugly thing
Aim: a red ugly thing (heavily wounded, 71% to hit)
You shoot a sling bullet.
The sling bullet hits the red ugly thing.
The red ugly thing is heavily wounded.
You shoot a sling bullet.
The sling bullet completely misses the red ugly thing.
The red ugly thing tail-slaps you but does no damage.
Fire: a) +3 sling {Mishil}
Press: ? - help, Q - select action, (/) - cycle Shift-Dir - straight line, f/p - red ugly thing
Aim: a red ugly thing (heavily wounded, 71% to hit)
You shoot a sling bullet.
The sling bullet hits the red ugly thing but does no damage.
The red ugly thing is heavily wounded.
You shoot a sling bullet.
The sling bullet hits the red ugly thing but does no damage.
The red ugly thing is heavily wounded.
The red ugly thing completely misses you.
Fire: a) +3 sling {Mishil}
Press: ? - help, Q - select action, (/) - cycle Shift-Dir - straight line, f/p - red ugly thing
Aim: a red ugly thing (heavily wounded, 71% to hit)
You shoot a sling bullet.
The sling bullet hits the red ugly thing!
The red ugly thing is severely wounded.
You shoot a sling bullet.
The sling bullet hits the red ugly thing.
The red ugly thing is severely wounded.
The red ugly thing tail-slaps you.
* * * LOW HITPOINT WARNING * * *
You are engulfed in flames!!
You die...

...#.........#..............##...
...#.........#########'#....##...
...#...................#....##...
...#...###.............#....##...
...#...# #.............#######...
...#...###.....^.......#######...
...#.............#####.#....##...
...#...............÷.÷.#....##...
####.........###@#######....##...
.............#...u..........##...
....#####'####..............##...
....#.......#........>##....##...
###.#.......#.........########...
###.#.......#...............##'##
....#.......#...............#....
....#.......#...............#....
###.#.......############....#....


You could see a red ugly thing.

Vanquished Creatures
  2 two-headed ogres (D:11)
  Pikel (D:7)
  Maurice (D:7)
  An ugly thing (D:9)
  Joseph (D:7)
  Maggie (D:7)
  A kobold demonologist (D:11)
  An unseen horror (D:11)
  Jeremiah (D:9)
  A troll (D:6)
  Prince Ribbit (D:7)
  Grinder (D:5)
  13 yaks
  3 shadows (D:11)
  2 wraiths
  2 wyverns
  2 vampire mosquitoes (D:10)
  Menkaure (D:5)
  A sky beast (D:7)
  A black bear (D:7)
  2 ice beasts
  4 orc warriors
  7 centaurs
  2 lemures (D:7)
  2 phantoms
  Blork the orc (D:5)
  2 kobold brigands
  3 bullfrogs
  2 scorpions
  11 wights
  11 killer bees (D:8)
  6 howler monkeys
  3 hounds
  A bombardier beetle (D:4)
  A jelly (D:6)
  3 orc priests
  3 gnoll boudas
  9 iguanas
  5 orc wizards
  8 mummies (Ossuary)
  15 gnolls
  12 adders
  A shadow imp (D:7)
  5 ufetubi
  A ribbon worm (D:4)
  4 dart slugs
  14 orcs
  7 ball pythons
  6 endoplasms
  6 giant cockroaches
  A gnoll zombie (Ossuary)
  3 goblins
  9 hobgoblins
  6 jackals
  3 quokkas
  3 bats
  A frilled lizard (D:1)
  A goblin zombie (D:6)
  3 hobgoblin zombies (Ossuary)
  9 kobolds
  3 kobold zombies (Ossuary)
  An orc zombie (Ossuary)
  A quokka zombie (D:6)
  3 rats
242 creatures vanquished.

Notes
Turn   | Place    | Note
-------+----------+-------------------------------------------
     0 | D:1      | inmateoo the Coglin Hunter began the quest for the Orb.
     0 | D:1      | Reached XP level 1. HP: 16/16 MP: 1/1
   124 | D:1      | Reached skill level 1 in Stealth
   152 | D:1      | Reached XP level 2. HP: 22/22 MP: 2/2
   391 | D:1      | Found a faded altar of an unknown god.
   861 | D:2      | Reached XP level 3. HP: 28/28 MP: 3/3
   958 | D:2      | Reached skill level 4 in Ranged Weapons
  1139 | D:2      | Reached XP level 4. HP: 34/34 MP: 4/4
  1365 | D:3      | Identified the +0 leather armour of Hubris {rF+ SInv}
  1380 | D:3      | Reached skill level 1 in Armour
  1409 | D:3      | Found Teatuuss's Armour Shoppe.
  1433 | D:3      | Found a stormy altar of Qazlal.
  1493 | D:3      | Reached XP level 5. HP: 38/40 MP: 5/5
  1874 | D:4      | Found Ehaefes's Book Shop.
  2029 | D:4      | Reached XP level 6. HP: 47/47 MP: 6/6
  2070 | D:4      | Found Eskeasyr's Weapon Shop.
  2081 | D:4      | Found Fuanurch's Weapon Emporium.
  2352 | D:4      | Found Jojal's Magic Scroll Boutique.
  2427 | D:5      | Entered Level 5 of the Dungeon
  2428 | D:5      | Found Umnaoc's Assorted Antiques.
  2447 | D:5      | Found an iron altar of Okawaru.
  2453 | D:5      | Became a worshipper of Warmaster Okawaru
  2500 | D:5      | Noticed Blork the orc
  2507 | D:5      | Killed Blork the orc
  2508 | D:5      | Reached skill level 5 in Ranged Weapons
  2696 | D:5      | Found Juzae's Assorted Antiques.
  2699 | D:5      | Bought a scroll labelled ODES YSIGGI for 21 gold pieces
  2699 | D:5      | Bought an orange potion for 18 gold pieces
  2699 | D:5      | Bought a scroll labelled QIUBBU VIUTTA for 21 gold pieces
  2710 | D:5      | Noticed Grinder
  2711 | D:5      | Paralysed by Grinder for 2 turns
  2720 | D:5      | Paralysed by Grinder for 4 turns
  2726 | D:5      | Killed Grinder
  2727 | D:5      | Reached XP level 7. HP: 17/53 MP: 7/7
  2873 | D:5      | Found Hootausu's Weapon Emporium.
  3144 | D:5      | Found a staircase to the Ecumenical Temple.
  3231 | D:5      | Noticed Menkaure
  3236 | D:5      | Killed Menkaure
  3236 | D:5      | Reached * piety under Okawaru
  3237 | D:5      | Reached XP level 8. HP: 60/60 MP: 8/8
  3771 | D:6      | Reached skill level 6 in Ranged Weapons
  3773 | D:6      | Reached skill level 1 in Invocations
  3777 | D:6      | Found a sand-covered staircase.
  3792 | Ossuary  | Entered an ossuary
  4390 | D:6      | Noticed a troll
  4409 | D:6      | Killed a troll
  4568 | D:6      | Found the +18 Lear's hauberk
  4801 | D:6      | Reached ** piety under Okawaru
  4802 | D:6      | Reached XP level 9. HP: 60/67 MP: 10/10
  5093 | D:7      | Noticed Maggie
  5100 | D:7      | Noticed Maurice
  5111 | D:7      | Killed Maggie
  5112 | D:7      | Reached skill level 5 in Fighting
  5112 | D:7      | Reached skill level 7 in Ranged Weapons
  5334 | D:7      | Noticed Joseph
  5542 | D:7      | Killed Joseph
  5639 | D:7      | Reached *** piety under Okawaru
  5682 | D:7      | Something stole 495 gold
  5736 | D:7      | Killed Maurice
  5737 | D:7      | Reached skill level 5 in Dodging
  6269 | D:7      | Noticed Prince Ribbit
  6278 | D:7      | Reached XP level 10. HP: 76/76 MP: 12/12
  6286 | D:7      | Killed Prince Ribbit
  6287 | D:7      | Reached skill level 8 in Ranged Weapons
  6520 | D:7      | Noticed Pikel
  6547 | D:7      | Killed Pikel
  6547 | D:7      | Reached **** piety under Okawaru
  6548 | D:7      | Reached skill level 5 in Stealth
  6726 | D:7      | Found a hazy altar of Hepliaklqana.
  6727 | D:7      | Found a glowing silver altar of Zin.
  6842 | D:7      | Reached skill level 5 in Armour
  6988 | D:7      | Found an ancient bone altar of Kikubaaqudgha.
  6990 | D:7      | Found a blossoming altar of Fedhas.
  7696 | D:8      | Found an ornate altar of the Wu Jian Council.
  7708 | D:8      | Noticed mopl's ghost (journeyman OpAl)
  7766 | D:8      | Found a transporter.
  7823 | D:8      | Found a transporter.
  8079 | D:9      | Found a radiant altar of Vehumet.
  8296 | D:9      | Noticed Jeremiah
  8308 | D:9      | Killed Jeremiah
  8589 | D:9      | Noticed a red ugly thing
  8603 | D:9      | HP: 1/76 [red ugly thing (20)]
  8604 | D:9      | Killed a red ugly thing
  8604 | D:9      | Reached ***** piety under Okawaru
  8620 | D:9      | Reached skill level 9 in Ranged Weapons
  8979 | D:9      | Reached XP level 11. HP: 67/81 MP: 14/14
  8990 | D:9      | Found a runed translucent door.
  8990 | D:9      | Noticed DEFE's ghost (novice CoFi)
  9077 | D:9      | Found a staircase to the Lair.
  9146 | D:10     | Entered Level 10 of the Dungeon
 10571 | D:11     | Noticed a two-headed ogre
 10584 | D:11     | Killed a two-headed ogre
 10584 | D:11     | Received a gift from Okawaru
 10610 | D:11     | HP: 2/84 [something (7)]
 11685 | D:11     | Noticed a soul eater
 11690 | D:11     | Noticed a sixfirhy
 12059 | D:11     | Noticed a two-headed ogre
 12071 | D:11     | Killed a two-headed ogre
 12461 | D:11     | Reached skill level 10 in Ranged Weapons
 12464 | D:11     | Reached skill level 5 in Invocations
 12653 | D:12     | Noticed a red ugly thing
 12653 | D:12     | Noticed a two-headed ogre
 12947 | D:11     | Slain by a red ugly thing

Illustrated notes

Levels and vault maps discovered:
D:1:      minmay_arrival_hallway, layout_loops_ring,
          hellmonk_ecumenical_altar_run_dry, chequers_big_river, st_stairs_10
D:2:      layout_basic, nrook_mini_vaults
D:3:      layout_rooms, nicolae_qazlal_general_emergency, serial_shops, shop,
          serial_glass, glass_columns_b, glass_columns_b, glass_columns_b,
          glass_columns_b, glass_columns_a, glass_columns_a, glass_columns_a,
          glass_columns_b, glass_columns_b, glass_columns_a,
          chequers_serial_rivers_small_b, chequers_serial_rivers_small_a
D:4:      layout_basic, serial_shops, nicolae_shop_tiny_waterfront,
          nicolae_diamond_shop, nicolae_shop_rolling_square,
          nicolae_shop_advertising_works [nicolae_subvault_shop_adworks],
          mrwooster_statue_mirror
D:5:      layout_gridville, lemuel_round_altar, temple_green, serial_shops,
          nicolae_shop_real_fake_doors, nicolae_shop_statue_plus, shop,
          hangedman_decor_clover_reticule, uniq_blork_the_orc, uniq_menkaure,
          uniq_grinder
D:6:      layout_loops_ring, enter_ossuary_4, serial_aquarium,
          aquarium_bridge_long_separate [aquarium_subvault_bridge,
          aquarium_subvault_wall, aquarium_subvault_wall,
          aquarium_subvault_bridge, aquarium_subvault_bridge,
          aquarium_subvault_bridge], aquarium_window_2, aquarium_window_fake,
          aquarium_window_3, aquarium_view_2c, aquarium_view_2d,
          aquarium_balcony_5b, aquarium_pool_S, chequers_serial_rivers_small_3,
          hellmonk_guarded_unrand_lears
D:7:      layout_loops_ring, nicolae_overflow_hidden_temple, enter_bailey_8,
          st_stairs_11, uniq_pikel, uniq_maurice, uniq_joseph,
          uniq_prince_ribbit1, uniq_maggie
D:8:      layout_rooms, mainiacjoe_overflow_surrounded_room,
          gammafunk_ghost_gnarly_gnolls, chequers_serial_rivers_room_a,
          kennysheep_cross_bottleneck
D:9:      layout_rooms, old_standard_altar, lair_entry_dummy,
          ebering_ghost_reflecting_pool, nicolae_titane, uniq_jeremiah
D:10:     layout_stronghold
D:11:     layout_stronghold
D:12:     layout_cave_pools, orc_0_dummy, uniq_azrael, uniq_sonja

Skill      XL: |  1  2  3  4  5  6  7  8  9 10 11 |
---------------+----------------------------------+-----
Stealth        | 1 2 3 4 5 6 |  6.5
Dodging        | 2 3 4 5 6 |  6.7
Ranged Weapons | 4 5 6 7 9 10 | 10.0
Armour         | 1 2 3 4 5 6 |  6.5
Fighting       | 3 4 5 6 7 |  7.6
Invocations    | 1 3 4 5 |  5.0

Action                     |  1- 3 |  4- 6 |  7- 9 | 10-12 || total
---------------------------+-------+-------+-------+-------++-------
  Melee: Sling             |       |       |       |     2 ||     2
   Fire: Sling             |   122 |   260 |   762 |  1208 ||  2352
 Invoke: Heroism           |       |       |       |     3 ||     3
  Evoke: Wand              |       |       |     3 |     6 ||     9
         Tin of tremorston |       |       |       |     2 ||     2
    Use: Scroll            |     2 |    10 |    10 |     6 ||    28
         Potion            |       |       |     4 |     2 ||     6
 Armour: Ring mail         |     6 |     4 |       |       ||    10
         Leather armour    |       |    25 |    53 |       ||    78
         Chain mail        |       |       |   191 |   661 ||   852
         Skin              |       |       |    16 |       ||    16
  Dodge: Dodged            |     7 |    28 |   121 |   250 ||   406

Table legend: (Time is in decaauts)
 A = Elapsed time spent in this place.
 B = Non-inter-level travel time spent in this place.
 C = Inter-level travel time spent in this place.
 D = Time resting spent in this place.
 E = Time spent auto-exploring this place.
 F = Levels seen in this place.
 G = Mean time per level.
                   A        B        C        D        E       F      G
               +--------+--------+--------+--------+--------+-----+--------+
         Total |  13374 |  12859 |    515 |   4183 |   6385 |  13 | 1028.8 |
       Dungeon |  13109 |  12594 |    515 |   4105 |   6287 |  12 | 1092.4 |
       Ossuary |    265 |    265 |      0 |     78 |     98 |   1 |  265.0 |
               +--------+--------+--------+--------+--------+-----+--------+

Top non-repeatable levels by time:
    D:11: 2599 daAuts
     D:7: 1819 daAuts
     D:6: 1614 daAuts
    D:10: 1292 daAuts
     D:5: 1152 daAuts
     D:9: 1135 daAuts
     D:8: 992 daAuts
     D:1: 864 daAuts
     D:4: 602 daAuts
     D:2: 528 daAuts
     D:3: 488 daAuts
 Ossuary: 265 daAuts
    D:12: 18 daAuts
